AoeStats
← Prinzen29

MegaRandom

504092592Analyzed
1v1 RM · 1mo ago on Sep 3, 2026· 38m 13s· 2 players
Game mode
Random Map
Map size
Tiny (2 player)
Population
200
Speed
Normal
Resources
Standard
Victory
Conquest
Starting age
Dark Age
Ending age
Imperial Age
RankedLock teamsTeams togetherTeam positionsShared explorationLock speedFull tech treeHidden civsTurbo modeCheats
Victory
Defeat
🇷🇺 Slavs · Russia
1046
+14
🇸🇪 Goths · Sweden
1001
-14
Prinzen29
11:09 Feudal Age
11:18 Man-at-Arms
12:05 Double-Bit Axe
12:59 Loom
15:20 Forging
15:11 Scale Mail Armor
15:04 Horse Collar
18:59 Wheelbarrow
18:10 Town Watch
26:06 Castle Age
24:21 Fletching
25:17 Padded Archer Armor
26:24 Long Swordsman
27:05 Squires
27:46 Iron Casting
27:27 Chain Mail Armor
27:39 Hand Cart
27:49 Bow Saw
27:46 Heavy Plow
27:13 Elite Skirmisher
29:39 Bodkin Arrow
35:16 Leather Archer Armor
Konata Izumi
8:28 Loom
10:53 Feudal Age
11:32 Double-Bit Axe
11:56 Horse Collar
20:25 Castle Age
18:49 Scale Barding Armor
19:02 Stone Mining
19:32 Fletching
20:30 Gold Mining
21:05 Forging
21:05 Crossbowman
23:43 Iron Casting
23:46 Heavy Plow
23:58 Bow Saw
24:59 Town Watch
26:11 Crossbowman
29:42 Chain Barding Armor
29:21 Bodkin Arrow
30:00 Padded Archer Armor
30:55 Bloodlines
30:46 Husbandry
32:14 Wheelbarrow
32:14 Detinets
38:07 Gold Shaft Mining
Connection lost

Rejoining the realm…

Still unreachable

The connection could not be restored.

Session expired

The server has moved on; the page needs a fresh start.